 Dungeon Crawl Stone Soup version 0.31-a0-355-g57cb03d3e8 (webtiles) character file.

Game seed: 5484697034654477069

53 Newt the Changeling (level 3, -2/28 HPs)
             Began as a Draconian Shapeshifter on July 24, 2023.
             Frozen to death by an endoplasm (4 damage)
             ... on level 3 of the Dungeon.
             The game lasted 00:01:30 (1274 turns).

Newt the Changeling (Draconian Shapeshifter)        Turns: 1274, Time: 00:01:31

Health: -2/28      AC:  5    Str: 19    XL:     3   Next: 64%
Magic:  3/3        EV: 10    Int:  8    God:
Gold:   155        SH:  7    Dex: 11    Spells: 2/2 levels left

rFire   . . .        d - +2 dagger (venom)
rCold   . . .        c - +0 kite shield
rNeg    . . .        (body armour unavailable)
rPois   .            (helmet currently unavailable)
rElec   .            (cloak currently unavailable)
rCorr   .            (gloves currently unavailable)
SInv    .            (boots currently unavailable)
Will    .....        (no amulet)
Stlth   +            (no ring)
HPRegen 0.24/turn    (no ring)
MPRegen 0.08/turn

%: no passive effects
@: beast-form, hasted and slowed
A: beast (slay +2), AC +5, unfitting armour, cold-blooded
a: Begin Untransformation


You were on level 3 of the Dungeon.
You were a hulking beast.
You visited 1 branch of the dungeon, and saw 3 of its levels.

You collected 155 gold pieces.

Inventory:

Hand Weapons
 d - a +2 dagger of venom (weapon)
Missiles
 i - 6 javelins
Armour
 c - a +0 kite shield (worn)
 e - a +0 cloak
Talismans
 b - a beast talisman
Scrolls
 f - a scroll of enchant weapon {unknown}
 k - a scroll of identify {unknown}
Potions
 a - a potion of lignification
 g - a potion of haste
 h - a potion of brilliance {unknown}
 j - a potion of mutation {unknown}


   Skills:
 - Level 1.1 Fighting
 - Level 1.7 Dodging
 - Level 3.0 Unarmed Combat
 * Level 4.2 Shapeshifting


You had 2 spell levels left.
You didn't know any spells.
Your spell library contained the following spells:

 Spells                   Type           Power      Damage    Failure   Level
 Freeze                   Ice            0%         1d3       77%         1
 Shock                    Conj/Air       0%         1d3       77%         1
 Frozen Ramparts          Ice            0%         1d1       98%         3
 Hailstorm                Conj/Ice       0%         3d3       98%         3
 Swiftness                Air            0%         N/A       98%         3
 Airstrike                Air            0%         2d(0-16)  100%        4


Dungeon Overview and Level Annotations

Branches:
Dungeon (3/15)

Altars:

Shops:
D:2 [


Innate Abilities, Weirdness & Mutations

You are a hulking beast.
Your limbs bulge with bestial killing power. (Slay +2)
Your plain brown scales are hard. (AC +5)
You cannot fit into any form of body armour.
You are cold-blooded and may be slowed by cold attacks.


Message History

The endoplasm freezes you.
You are frozen.
You feel as though you will be slow longer.
You are too injured to fight recklessly!
Unknown command.
Unknown command.
You puncture the rat!
You kill the rat!
The goblin hits you but does no damage. The endoplasm closely misses you.
You block the endoplasm's attack.
Unknown command.
You hit the goblin.
You kill the goblin!
The endoplasm barely misses you. The endoplasm misses you.
The endoplasm freezes you.
You are frozen.
You feel as though you will be slow longer.
You block the endoplasm's attack.
You puncture the endoplasm!
You kill the endoplasm!
You block the endoplasm's attack.
The endoplasm jiggles.
The endoplasm hits you.
Unknown command.
You hit the endoplasm but do no damage. The endoplasm freezes you.
You are frozen.
* * * LOW HITPOINT WARNING * * *
The endoplasm freezes you.
You are frozen.
* * * LOW HITPOINT WARNING * * *
You feel as though you will be slow longer.
It was a potion of haste.
You feel yourself speed up. The endoplasm hits you.
* * * LOW HITPOINT WARNING * * *
Okay, then.
You hit the endoplasm.
The endoplasm is severely wounded.
The endoplasm freezes you.
You are frozen.
You die...

...........#
...........#
...........#
...........#
<$.......?.#
...........#
.......)J..#
......†h...#
......)....#
...........#
...........#
...........#
############


You could see an endoplasm.

Vanquished Creatures
  A worm (D:2)
  3 dart slugs
  An orc (D:3)
  6 endoplasms
  A giant cockroach (D:1)
  6 goblins
  4 hobgoblins
  3 jackals (D:1)
  A quokka (D:1)
  3 ball pythons (D:1)
  4 bats
  2 frilled lizards (D:2)
  4 kobolds (D:2)
  3 rats
42 creatures vanquished.

Notes
Turn   | Place    | Note
-------+----------+-------------------------------------------
     0 | D:1      | Newt the Draconian Shapeshifter began the quest for the
                  | Orb.
     0 | D:1      | Reached XP level 1. HP: 16/16 MP: 1/1
   152 | D:1      | Reached XP level 2. HP: 23/23 MP: 2/2
   735 | D:2      | Reached XP level 3. HP: 28/28 MP: 3/3
   762 | D:2      | Found Waruemah's Antique Armour Boutique.
   853 | D:2      | Reached skill level 4 in Shapeshifting
  1060 | D:2      | Found a faded altar of an unknown god.
  1274 | D:3      | Frozen to death by an endoplasm

Illustrated notes

Levels and vault maps discovered:
D:1:      dpeg_arrival_rhombi, layout_basic, hangedman_decor_peaks_small,
          st_stairs_1
D:2:      layout_basic, ebering_ecumenical_altar_sacrificial, serial_shops,
          nicolae_shop_dealshenge, minmay_crystal_room
D:3:      layout_basic, uniq_jessica, uniq_natasha

Skill      XL: |  1  2  3 |
---------------+----------+-----
Shapeshifting  | 4 |  4.2
Fighting       | |  1.1
Dodging        | |  1.7
Unarmed Combat | |  3.0

Action                     || total
---------------------------++-------
  Melee: Unarmed           ||    21
         Tailslap          ||    12
         Dagger            ||    72
    Use: Scroll            ||     2
         Potion            ||     1
   Stab: Sleeping          ||     1
 Armour: Skin              ||    30
  Dodge: Dodged            ||    30
  Block: Kite shield       ||    35

Table legend: (Time is in decaauts)
 A = Elapsed time spent in this place.
 B = Non-inter-level travel time spent in this place.
 C = Inter-level travel time spent in this place.
 D = Time resting spent in this place.
 E = Time spent auto-exploring this place.
 F = Levels seen in this place.
 G = Mean time per level.
                   A        B        C        D        E       F      G
               +--------+--------+--------+--------+--------+-----+--------+
         Total |   1294 |   1262 |     32 |      0 |    975 |   3 |  431.3 |
       Dungeon |   1294 |   1262 |     32 |      0 |    975 |   3 |  431.3 |
               +--------+--------+--------+--------+--------+-----+--------+

Top non-repeatable levels by time:
     D:1: 712 daAuts
     D:2: 563 daAuts
     D:3: 18 daAuts
